 Dungeon Crawl Stone Soup version 0.29-a0-857-g9b1aa3ac5b (webtiles) character file.

Game seed: 9155834060691794140

37 concernfroge the Trooper (level 3, 0/31 HPs)
             Began as a Mummy Monk on July 17, 2022.
             Slain by a gnoll
             ... wielding a +0 halberd
              (9 damage)
             ... on level 2 of the Dungeon.
             The game lasted 00:05:43 (1197 turns).

concernfroge the Trooper (Mummy Monk)               Turns: 1197, Time: 00:05:44

Health: 0/31       AC:  6    Str: 16    XL:     3   Next: 23%
Magic:  3/3        EV: 11    Int:  9    God:
Gold:   53         SH:  0    Dex: 14    Spells: 2/2 levels left

rFire   x . .      SeeInvis .   b - +0 war axe
rCold   + + .      Faith    .   (no shield)
rNeg    + + +      Spirit   .   d - +0 ring mail
rPois   ∞          Reflect  .   (no helmet)
rElec   .          Harm     .   (no cloak)
rCorr   .          Rampage  .   c - +0 pair of gloves
Will    .....                   (no boots)
Stlth   +.........              (no amulet)
HPRegen 0.10/turn               f - ring of protection from cold
MPRegen 0.08/turn               (no ring)

@: no status effects
A: cold resistance 1, negative energy resistance 3, torment resistance 2, heat
vulnerability 1, in touch with death 1, no potions
a: no special abilities


You were on level 2 of the Dungeon.
You visited 1 branch of the dungeon, and saw 2 of its levels.

You collected 53 gold pieces.

Inventory:

Hand Weapons
 a - a +0 arbalest
 b - a +0 war axe (weapon)
Armour
 c - a +0 pair of gloves (worn)
 d - a +0 ring mail (worn)
Jewellery
 f - a ring of protection from cold (left hand)
Scrolls
 e - a scroll of identify {unknown}
 g - 2 scrolls of teleportation {unknown}
 h - 2 scrolls of enchant weapon {unknown}


   Skills:
 + Level 4.4 Fighting
 - Level 2.4 Polearms
 - Level 2.4 Dodging
 - Level 1.5 Stealth


You had 2 spell levels left.
You didn't know any spells.
Your spell library was empty.

Dungeon Overview and Level Annotations

Branches:
Dungeon (2/15)

Altars:
Hepliaklqana


Innate Abilities, Weirdness & Mutations

You are immune to poison.
Your flesh is cold resistant. (rC+)
You are immune to negative energy. (rN+++)
You are immune to unholy pain and torment.
You are vulnerable to heat. (rF-)
You are in touch with the powers of death.
You do not drink.


Message History

a - a +0 arbalest (weapon)
b - a +0 war axe (weapon)
a - a +0 arbalest (weapon)
b - a +0 war axe (weapon)
a - a +0 arbalest (weapon)
You open the door.
There is an open door here.
h - 2 scrolls labelled INKONASSEPT (gained 1)
An endoplasm comes into view.
The endoplasm quivers.
You shoot a bolt.
The bolt completely misses the endoplasm.
You shoot a bolt. The bolt barely misses the endoplasm.
A gnoll comes into view. It is wielding a +0 halberd.
You shoot a bolt. The bolt hits the endoplasm!
You kill the endoplasm!
You shoot a bolt. The bolt closely misses the gnoll.
You shoot a bolt. The bolt hits the gnoll.
The gnoll is lightly wounded.
The gnoll hits you but does no damage. The gnoll barely misses you.
You shoot a bolt. The bolt closely misses the gnoll.
The gnoll hits you from afar with a +0 halberd!
The gnoll hits you from afar with a +0 halberd.
b - a +0 war axe (weapon)
The gnoll hits you with a +0 halberd.
You are too injured to fight recklessly!
You barely miss the gnoll.
The gnoll is lightly wounded.
The gnoll hits you with a +0 halberd. The gnoll barely misses you.
You completely miss the gnoll.
The gnoll is lightly wounded.
The gnoll hits you with a +0 halberd.
* * * LOW HITPOINT WARNING * * *
You barely miss the gnoll.
The gnoll is lightly wounded.
The gnoll completely misses you. The gnoll closely misses you.
You hit the gnoll.
The gnoll is moderately wounded.
The gnoll hits you with a +0 halberd!
You die...

.....##.###.####...
.........
...................
.........###........
##.......###.###.#..
#.................
#######.##.####.##
................
########.##.#+###
#.......@.......
#.##.##..g...... ..
...........
................
#...............
..##.#####.#.... #.
.#.... # .# ...


You could see a gnoll.

Vanquished Creatures
  An adder (D:2)
  A ball python (D:1)
  2 bats (D:1)
  8 endoplasms
  A giant cockroach (D:1)
  4 goblins (D:1)
  A hobgoblin (D:1)
  A quokka (D:1)
  3 frilled lizards
  A rat (D:2)
23 creatures vanquished.

Notes
Turn   | Place    | Note
-------+----------+-------------------------------------------
     0 | D:1      | concernfroge the Mummy Monk began the quest for the Orb.
     0 | D:1      | Reached XP level 1. HP: 18/18 MP: 1/1
   279 | D:1      | Reached XP level 2. HP: 24/24 MP: 2/2
   342 | D:1      | Found a faded altar of an unknown god.
   756 | D:1      | Reached skill level 4 in Fighting
  1004 | D:2      | Gained mutation: You are in touch with the powers of death.
                  | [Mummy growth]
  1004 | D:2      | Reached XP level 3. HP: 25/30 MP: 3/3
  1139 | D:2      | Found a hazy altar of Hepliaklqana.
  1197 | D:2      | Slain by a gnoll

Illustrated notes

Levels and vault maps discovered:
D:1:      scummos_arrival_gate, layout_loops_corners, basic_ecumenical_altar
D:2:      layout_basic, serial_shops, shop, basic_altar

Skill      XL: |  1  2 |
---------------+-------+-----
Fighting       | 4 |  4.4
Polearms       | |  2.4
Dodging        | |  2.4
Stealth        | |  1.5

Action                   || total
-------------------------++-------
Melee: Spear             ||    20
       Dagger            ||    22
       Punch             ||     1
       War axe           ||     4
 Fire: Arbalest          ||    29
 Stab: Sleeping          ||     1
Armor: Ring mail         ||    21
Dodge: Dodged            ||    37

Table legend: (Time is in decaauts)
 A = Elapsed time spent in this place.
 B = Non-inter-level travel time spent in this place.
 C = Inter-level travel time spent in this place.
 D = Time resting spent in this place.
 E = Time spent auto-exploring this place.
 F = Levels seen in this place.
 G = Mean time per level.
                   A        B        C        D        E       F      G
               +--------+--------+--------+--------+--------+-----+--------+
         Total |   1217 |   1143 |     74 |      0 |    909 |   2 |  608.5 |
       Dungeon |   1217 |   1143 |     74 |      0 |    909 |   2 |  608.5 |
               +--------+--------+--------+--------+--------+-----+--------+

Top non-repeatable levels by time:
     D:1: 1002 daAuts
     D:2: 214 daAuts
